 Dungeon Crawl Stone Soup version 0.30.0-10-gfe55d96785 (webtiles) character file.

Game seed: 9338325303994041132

210 FishyPogo the Firebug (level 5, -4/37 HPs)
             Began as a Demonspawn Fire Elementalist on May 14, 2023.
             Killed by divine providence
             ... invoked by an orc priest
              (12 damage)
             ... on level 3 of the Dungeon on May 15, 2023.
             The game lasted 00:22:39 (2728 turns).

FishyPogo the Firebug (DsFE)                        Turns: 2728, Time: 00:22:42

Health: -4/37      AC:  5    Str: 10    XL:     5   Next: 56%
Magic:  6/8        EV: 27    Int: 16    God:
Gold:   178        SH:  0    Dex: 20    Spells: 3/9 levels left

rFire   + .          .
                       - Unarmed
rCold   + . .        k - orb {guile}
rNeg    . . .        p - +2 leather armour {rF+}
rPois   .            (helmet restricted)
rElec   .            (no cloak)
rCorr   .            (no gloves)
SInv    .            (no boots)
Will    .....        g - amulet of the acrobat
Stlth   +            f - +6 ring of dexterity
HPRegen 0.26/turn    q - ring of protection from cold
MPRegen 0.11/turn

%: acrobat
@: confused, brilliant, weak-willed, acrobatic
A: antennae 1, claws 2, hooves 1, no potion heal 1
a: no special abilities


You were on level 3 of the Dungeon.
You visited 1 branch of the dungeon, and saw 3 of its levels.

You collected 178 gold pieces.

Inventory:

Hand Weapons
 e - a +0 short sword
Missiles
 d - 24 stones
 h - 4 poisoned darts
 j - 4 javelins
Armour
 a - a +0 robe
 k - an orb of guile (worn)
 o - a +1 robe of cold resistance
 p - a +2 leather armour of fire resistance (worn)
Jewellery
 f - a +6 ring of dexterity (left claw)
 g - an amulet of the acrobat (around neck)
 q - a ring of protection from cold (right claw)
Scrolls
 i - a scroll of teleportation
 r - 5 scrolls of identify {unknown}
 t - a scroll of fear
 v - a scroll of noise {unknown}
Potions
 b - a potion of magic


   Skills:
 + Level 1.5 Fighting
 + Level 2.4 Dodging
 - Level 2.0 Stealth
 * Level 1.8 Unarmed Combat
 + Level 2.6 Spellcasting
 * Level 3.1 Conjurations
 + Level 3.1 Fire Magic


You had 3 spell levels left.
You knew the following spells:

 Your Spells              Type           Power      Damage    Failure   Level
a - Foxfire               Conj/Fire      72%        2x1d7     8%          1
b - Scorch                Fire           36%        2d6       11%         2
c - Inner Flame           Hex/Fire       10%        N/A       38%         3

Your spell library contained the following spells:

 Spells                   Type           Power      Damage    Failure   Level
 Slow                     Hex            12%        N/A       26%         1
 Volatile Blastmotes      Fire/Tloc      20%        2d11      38%         3
 Confusing Touch          Hex            3%         N/A       63%         3
 Vampiric Draining        Necr           3%         2d6       63%         3
 Flame Wave               Conj/Fire      18%        2d7       58%         4


Dungeon Overview and Level Annotations

Branches:
Dungeon (3/15)

Altars:
Kikubaaqudgha

Shops:
D:2 [(

Annotations:
D:3 Sigmund


Innate Abilities, Weirdness & Mutations

You have a pair of small antennae on your head.
You have very sharp fingernails.
You have large cloven feet.
Potions are less effective at restoring your health.


Message History

Really abort (and waste the scroll)?
Okay, then.
You hear some strange, mumbled words.
You are confused.
The orc hits you but does no damage.
The orc throws a boomerang.
The boomerang hits you. The quokka misses you.
You are too confused!
It was a potion of mutation.
You feel extremely strange.
Your system partially rejects the healing effects of potions.
The quokka bites you but does no damage.
It was a potion of brilliance.
You feel clever all of a sudden. Something hits you but does no damage.
The goblin closely misses you. The orc misses you.
An orc comes into view. It is wielding a +0 hand axe.
The quokka bites you.
Okay, then.
You are too confused!
You barely miss the kobold.
The orc shouts!
The quokka completely misses you. The orc hits you but does no damage.
The goblin closely misses you. The kobold barely misses you.
The orc hits you with a +0 dagger. The orc priest hits you with a +0 whip.
Something hits you!
Unknown command.
Okay, then.
You miss the quokka.
The quokka is severely wounded.
The quokka bites you but does no damage.
A frilled lizard comes into view.
The kobold hits you with a +0 whip. The goblin closely misses you.
The orc priest hits you with a +0 whip. The orc closely misses you.
The quokka bites you but does no damage.
The orc attacks as you move away! The orc hits you with a +0 hand axe.
* * * LOW HITPOINT WARNING * * *
The orc priest attacks as you move away!
The orc priest barely misses you.
The orc priest calls down the wrath of Beogh upon you.
Beogh smites you!
You die...

,,,,,,,,............##....#......
,,,,,,,,............##....'......
,,,,,,,,............##....#......
,,,,,,,,.l.o........##....###....
,,,,,,,,............##.....######
,,,,,,,,.......{...........# ###
,,,,,,,,.......o........)..###.##
,,,,,,,,.....oogK.........###.#.#
,,,,,,,,......or@.........##.#.#.
,,,,,,,,............#######.#.#.#
,,,,,,,,.......†....# ##.#.###.
,,,,,,,,............# ##.#.##)##
,,,,,,,,............# ##.#.##.#.#
,,,,,,,,............###.#.##.#.#.
*****,,,##############.#.##.#.#.#
***....###...####.#.##†#..##.
*,.............##.#.##.#..##


You could see an orc priest (inner flame, weak-willed), 4 orcs, a quokka (inner
flame, weak-willed), a goblin (inner flame, weak-willed), a kobold (inner flame,
weak-willed) and a frilled lizard.

Vanquished Creatures
  2 wights (D:3)
  3 adders (D:2)
  A worm (D:2)
  2 dart slugs (D:2)
  2 orcs
  4 ball pythons
  7 endoplasms
  2 giant cockroaches
  8 hobgoblins
  4 kobolds
  6 quokkas
  4 bats
  6 frilled lizards
  7 goblins
  8 rats
66 creatures vanquished.

Vanquished Creatures (others)
  109 foxfires
109 creatures vanquished.

Grand Total: 175 creatures vanquished

Notes
Turn   | Place    | Note
-------+----------+-------------------------------------------
     0 | D:1      | FishyPogo the Demonspawn Fire Elementalist began the quest
                  | for the Orb.
     0 | D:1      | Reached XP level 1. HP: 13/13 MP: 3/3
   326 | D:1      | Discovered your monstrous ancestry.
   326 | D:1      | Gained mutation: You have large cloven feet. [demonic
                  | ancestry]
   326 | D:1      | Reached XP level 2. HP: 6/19 MP: 1/5
   539 | D:1      | Learned a level 2 spell: Scorch
  1122 | D:2      | Gained mutation: You have sharp fingernails. [demonic
                  | ancestry]
  1122 | D:2      | Reached XP level 3. HP: 21/25 MP: 4/6
  1212 | D:2      | Found Jotissot's Weapon Shop.
  1374 | D:2      | Found Jucra's Antique Armour Boutique.
  1659 | D:2      | Gained mutation: You have a pair of small antennae on your
                  | head. [demonic ancestry]
  1659 | D:2      | Reached XP level 4. HP: 31/31 MP: 3/7
  1663 | D:2      | Learned a level 3 spell: Inner Flame
  1763 | D:2      | Reached skill level 1 in Unarmed Combat
  1853 | D:2      | Reached skill level 1 in Fighting
  2158 | D:3      | Found an ancient bone altar of Kikubaaqudgha.
  2564 | D:3      | Gained mutation: You have very sharp fingernails. [demonic
                  | ancestry]
  2564 | D:3      | Reached XP level 5. HP: 37/37 MP: 3/8
  2713 | D:3      | Noticed Sigmund
  2724 | D:3      | Gained mutation: Potions are less effective at restoring
                  | your health. [potion of mutation]
  2728 | D:3      | Killed from afar by an orc priest

Illustrated notes

Levels and vault maps discovered:
D:1:      dpeg_cavernosity, layout_rooms, nicolae_figureground_pulse
D:2:      layout_basic, serial_shops, nicolae_shop_stone, shop
D:3:      minmay_inner_zag, layout_basic, mainiacjoe_overflow_alcove_2,
          uniq_sigmund

Skill      XL: |  1  2  3  4  5 |
---------------+----------------+-----
Dodging        | 2 |  2.4
Stealth        | 2 |  2.0
Conjurations   | 2 3 |  3.1
Fire Magic     | 3 |  3.1
Unarmed Combat | 1 |  1.8
Fighting       | 1 |  1.5
Spellcasting   | |  2.6

Action                     |  1- 3 |  4- 6 || total
---------------------------+-------+-------++-------
  Melee: Unarmed           |    34 |    12 ||    46
         Short sword       |    49 |    18 ||    67
         Punch             |     1 |       ||     1
         Kick              |    10 |     7 ||    17
   Cast: Foxfire           |    48 |    27 ||    75
         Scorch            |     3 |     6 ||     9
    Use: Scroll            |     2 |     4 ||     6
         Potion            |     1 |     2 ||     3
   Stab: Sleeping          |     1 |     4 ||     5
 Armour: Robe              |    29 |       ||    29
         Leather armour    |       |    12 ||    12
  Dodge: Dodged            |    62 |    33 ||    95
